 Dungeon Crawl Stone Soup version 0.19.1-1-g22dce08 (webtiles) character file.

12002 malantai the Cleaver (level 11, -5/84 HPs)
             Began as a Demonspawn Gladiator on Jan 8, 2017.
             Was the Champion of Cheibriados.
             Slain by an orc warrior
             ... wielding a +0 halberd
              (13 damage)
             ... on level 2 of the Orcish Mines.
             The game lasted 01:35:02 (10820 turns).

malantai the Cleaver (Demonspawn Gladiator)        Turns: 10820, Time: 01:35:03

Health: -5/84      AC: 17    Str: 30    XL:     11   Next: 56%
Magic:  0/12       EV: 11    Int: 26    God:    Cheibriados [******]
Gold:   924        SH:  0    Dex: 36    Spells: 1 memorised, 9 levels left

rFire  + . .     SeeInvis +     q - +2 halberd (flame)
rCold  . . .     Gourm    .     X - +3 plate armour
rNeg   . . .     Faith    .     (shield currently unavailable)
rPois  .         Spirit   +     (helmet unavailable)
rElec  .         Reflect  .     (no cloak)
rCorr  .         Harm     .     Y - +0 pair of gloves
MR     .....     Rnd*Rage +     (no boots)
Stlth  ++........               s - amulet of guardian spirit
                                D - +3 ring of dexterity
                                m - ring of see invisible

@: drained, very slow
A: hooves 1, horns 3, agile 1, berserk 2, fire resistance 1, nightstalker 2
a: Bend Time, Temporal Distortion, Slouch, Step From Time, Renounce Religion


You were on level 2 of the Orcish Mines.
You worshipped Cheibriados.
Cheibriados was exalted by your worship.
You were not hungry.

You visited 3 branches of the dungeon, and saw 13 of its levels.

You collected 924 gold pieces.

Inventory:

Hand Weapons
 a - a +4 dire flail
 c - a cursed +5 long sword
 i - a +0 dagger of freezing
 p - a +2 quarterstaff of draining
 q - a +2 halberd of flaming (weapon)
 x - a +1 dagger of electrocution
 y - a +1 hunting sling of flaming
 G - a +0 spear of venom
 Q - a +4 battleaxe
 U - a +0 whip of venom
Missiles
 d - 3 throwing nets (quivered)
Armour
 b - a +0 leather armour
 k - a +1 ring mail
 H - a +2 robe of positive energy
 J - a +0 troll leather armour
 K - a +0 scale mail
 O - a +0 chain mail
 X - a +3 plate armour (worn)
 Y - a +0 pair of gloves (worn)
Jewellery
 m - a ring of see invisible (left hand)
 s - an amulet of guardian spirit (around neck)
 D - a +3 ring of dexterity (right hand)
 M - an uncursed ring of positive energy
 P - an uncursed ring of ice
Wands
 j - a wand of iceblast (4/15)
 N - a wand of lightning (0/15)
 T - a wand of acid (7/15)
Scrolls
 l - 3 scrolls of noise
 n - a scroll of enchant weapon {unknown}
 C - a scroll of recharging
 I - a scroll of fog
 V - 2 scrolls of magic mapping
 Z - 2 scrolls of identify
Potions
 e - a potion of haste {unknown}
 f - 3 potions of brilliance
 r - a potion of ambrosia
 u - 2 potions of curing
 v - a potion of cancellation {unknown}
 z - 2 potions of heal wounds {unknown}
 B - 2 potions of might {unknown}
 E - a potion of flight {unknown}
 L - a potion of berserk rage
 R - a potion of mutation {unknown}
 W - a potion of degeneration {unknown}
Books
 A - a book of Changes

   Spells                             Type                      Level
   a - Beastly Appendage              Transmutation                1
   b - Sticks to Snakes               Transmutation                2
   c - Spider Form                    Transmutation/Poison         3
   d - Ice Form                       Ice/Transmutation            4
   e - Blade Hands                    Transmutation                5
 F - a book of Changes

   Spells                             Type                      Level
   a - Beastly Appendage              Transmutation                1
   b - Sticks to Snakes               Transmutation                2
   c - Spider Form                    Transmutation/Poison         3
   d - Ice Form                       Ice/Transmutation            4
   e - Blade Hands                    Transmutation                5
Comestibles
 g - 5 slices of pizza
 h - 3 beef jerkies
 o - 4 meat rations
 t - 3 bread rations


   Skills:
 + Level 7.3(6.7) Fighting
 + Level 9.0 Axes
 + Level 5.1(8.2) Polearms
 + Level 6.3(6.6) Staves
 + Level 1.7(1.2) Throwing
 + Level 7.8(7.2) Armour
 + Level 4.3(3.7) Dodging
 + Level 5.8(5.2) Stealth
 + Level 2.0(1.4) Evocations


You had 9 spell levels left.
You knew the following spells:

 Your Spells              Type           Power        Failure   Level  Hunger
a - Beastly Appendage     Tmut           #.....       90%         1    ##.....


Dungeon Overview and Level Annotations

Branches:
Dungeon (10/15)            Temple (1/1) D:4             Orc (2/2) D:10
   Lair: D:8-11         Elf: Orc:2

Altars:
Ashenzari
Cheibriados
Dithmenos
Elyvilon
Fedhas
Gozag
Hepliaklqana
Kikubaaqudgha
Makhleb
Nemelex Xobeh
Okawaru
Qazlal
Ru
Sif Muna
Trog
Uskayaw
Vehumet
Xom
Yredelemnul
Zin
The Shining One
Beogh


Innate Abilities, Weirdness & Mutations

You have large cloven feet.
You have a pair of large horns on your head.
You are significantly more attuned to the shadows.
You are agile. (Dex +2)
You often lose your temper in combat.
Your flesh is heat resistant. (rF+)


Message History

The orc warrior is heavily wounded.
The orc barely misses you. The orc hits you with a flail.
* * * LOW HITPOINT WARNING * * *
The orc warrior hits you with a halberd!
* * * LOW HITPOINT WARNING * * *
The orc misses you.
You hit the orc warrior. You burn the orc warrior.
You kick the orc warrior, but do no damage.
You headbutt the orc warrior, but do no damage.
The orc warrior is heavily wounded.
The orc hits you but does no damage. x2; The orc warrior closely misses you.
The orc hits you with an enchanted flail.
* * * LOW HITPOINT WARNING * * *
As you read the scroll of fog, it crumbles to dust.
The scroll dissolves into smoke.
The orc misses you. The orc closely misses you.
The orc warrior barely misses you.
You feel better. The orc closely misses you. The orc barely misses you.
The orc hits you but does no damage.
The orc warrior hits you with a halberd!
You die...

......)................
...#...................
#..##)#................
#......................
##.....................
#.....................
#.............§.§......
.......##..#..§o§§.....
##.#o@o§...#
##§§o§§.... #..§§§.....
#.#.........
........#.. .......#..


You could see an orc warrior and 3 orcs.

Vanquished Creatures
  The ghost of markt42 the Basher, a journeyman GrFi of Okawaru (D:10)
  An orc knight (Orc:2)
  A cyclops (D:10)
  A deep elf mage (D:8)
  An orc sorcerer (Orc:2)
  A tengu conjurer (D:10)
  4 trolls
  2 two-headed ogres (D:10)
  5 yaks (D:9)
  2 wraiths (D:10)
  2 wyverns
  5 wargs
  Duvessa (D:5)
  7 orc warriors
  2 sky beasts
  A black bear (D:8)
  4 ice beasts
  5 necrophages
  A phantom (D:8)
  7 ogres
  A crocodile (D:9)
  3 centaurs
  A big kobold (D:7)
  Blork the orc (D:4)
  5 bullfrogs
  A gnoll sergeant (D:9)
  3 scorpions
  Dowan (D:5)
  10 killer bees
  6 wights
  4 howler monkeys
  A vampire bat (D:7)
  5 crimson imps
  2 centaur zombies
  2 jellies (D:8)
  11 hounds
  9 orc priests
  A gnoll shaman (D:5)
  A bullfrog skeleton (D:7)
  A centaur skeleton (D:4)
  10 orc wizards
  4 iguanas
  8 worker ants
  2 hound zombies
  A hound skeleton (D:9)
  A worker ant zombie (D:6)
  6 gnolls
  15 adders
  2 oozes
  An adder zombie (D:8)
  4 worms
  3 dart slugs
  4 leopard geckos
  71 orcs
  3 ball pythons
  2 bat skeletons (D:7)
  3 bat zombies (D:7)
  6 giant cockroaches
  9 goblins
  7 hobgoblins
  14 jackals
  14 kobolds
  5 quokkas
  7 bats
  9 frilled lizards
  2 leopard gecko skeletons
  A leopard gecko zombie (D:7)
  4 rats
  A bush (D:6)
  2 plants (D:6)
344 creatures vanquished.

Vanquished Creatures (others)
  4 plants (D:6)
4 creatures vanquished.

Grand Total: 348 creatures vanquished

Notes
Turn   | Place    | Note
-------+----------+-------------------------------------------
     0 | D:1      | malantai the Demonspawn Gladiator began the quest for the Orb.
     0 | D:1      | Reached XP level 1. HP: 16/16 MP: 1/1
   245 | D:1      | Reached skill level 3 in Axes
   245 | D:1      | Gained mutation: You have a pair of small horns on your head. [demonic ancestry]
   245 | D:1      | Reached XP level 2. HP: 12/22 MP: 2/2
   741 | D:1      | Gained mutation: You are slightly more attuned to the shadows. [demonic ancestry]
   741 | D:1      | Reached XP level 3. HP: 27/27 MP: 3/3
  1319 | D:2      | Gained mutation: You have a pair of horns on your head. [demonic ancestry]
  1319 | D:2      | Reached XP level 4. HP: 34/34 MP: 4/4
  1394 | D:2      | Found a faded altar of an unknown god.
  1400 | D:2      | Found a faded altar of an unknown god.
  1403 | D:2      | Found a snail-covered altar of Cheibriados.
  1405 | D:2      | Found a faded altar of an unknown god.
  1408 | D:2      | Found a faded altar of an unknown god.
  1433 | D:2      | Became a worshipper of Cheibriados the Contemplative
  2179 | D:3      | Reached skill level 4 in Axes
  2414 | D:3      | Reached skill level 1 in Stealth
  2423 | D:3      | Reached * piety under Cheibriados
  2444 | D:3      | Reached skill level 1 in Armour
  2466 | D:3      | Gained mutation: You are significantly more attuned to the shadows. [demonic ancestry]
  2466 | D:3      | Reached XP level 5. HP: 28/40 MP: 5/5
  2559 | D:3      | Learned a level 1 spell: Beastly Appendage
  2795 | D:3      | Reached skill level 1 in Staves
  3168 | D:4      | Reached XP level 6. HP: 47/47 MP: 6/6
  3481 | D:4      | Noticed Blork the orc
  3486 | D:4      | Killed Blork the orc
  3497 | D:4      | Found a staircase to the Ecumenical Temple.
  3504 | Temple   | Entered the Ecumenical Temple
  3857 | D:5      | Entered Level 5 of the Dungeon
  3858 | D:5      | Reached ** piety under Cheibriados
  3900 | D:5      | Gained mutation: You have a pair of large horns on your head. [demonic ancestry]
  3900 | D:5      | Reached XP level 7. HP: 41/52 MP: 7/7
  4026 | D:5      | Found an opulent altar of Gozag.
  4107 | D:5      | Noticed Dowan
  4109 | D:5      | Noticed Duvessa
  4114 | D:5      | Killed Dowan
  4120 | D:5      | Killed Duvessa
  4678 | D:6      | Reached XP level 8. HP: 60/60 MP: 8/8
  5048 | D:6      | Reached *** piety under Cheibriados
  5051 | D:6      | Reached skill level 5 in Staves
  5128 | D:6      | Found a blossoming altar of Fedhas.
  5818 | D:7      | Gained mutation: You are agile. (Dex +2) [mutagenic meat]
  5819 | D:7      | Gained mutation: You tend to lose your temper in combat. [mutagenic meat]
  5820 | D:7      | Gained mutation: Your flesh is heat resistant. (rF+) [mutagenic meat]
  5821 | D:7      | Gained mutation: You often lose your temper in combat. [mutagenic meat]
  5945 | D:7      | Reached XP level 9. HP: 38/64 MP: 6/9
  6011 | D:7      | Found an ancient bone altar of Kikubaaqudgha.
  6023 | D:7      | Reached **** piety under Cheibriados
  6253 | D:7      | Reached skill level 5 in Axes
  6253 | D:7      | Reached skill level 5 in Stealth
  6693 | D:7      | Reached skill level 6 in Axes
  6781 | D:7      | Reached skill level 5 in Fighting
  6924 | D:8      | Reached ***** piety under Cheibriados
  7281 | D:8      | Reached skill level 5 in Armour
  7336 | D:8      | Noticed a troll
  7343 | D:8      | Killed a troll
  7343 | D:8      | Reached skill level 7 in Axes
  7346 | D:8      | Gained mutation: You have large cloven feet. [demonic ancestry]
  7346 | D:8      | Reached XP level 10. HP: 57/75 MP: 4/10
  7563 | D:8      | Noticed a deep elf mage
  7569 | D:8      | Killed a deep elf mage
  7569 | D:8      | Reached skill level 1 in Evocations
  8162 | D:9      | Reached skill level 8 in Axes
  8818 | D:10     | Entered Level 10 of the Dungeon
  8841 | D:10     | Noticed markt42's ghost (journeyman GrFi)
  8903 | D:10     | Killed markt42's ghost
  9107 | D:10     | Reached ****** piety under Cheibriados
  9127 | D:10     | Reached skill level 9 in Axes
  9127 | D:10     | Reached skill level 1 in Polearms
  9156 | D:10     | Found a roughly hewn altar of Beogh.
  9242 | D:10     | Reached XP level 11. HP: 79/83 MP: 12/12
  9529 | D:10     | Found a staircase to the Orcish Mines.
 10295 | Orc:1    | Entered Level 1 of the Orcish Mines
 10505 | Orc:2    | Entered Level 2 of the Orcish Mines
 10505 | Orc:2    | Noticed an orc knight
 10523 | Orc:2    | Killed an orc knight
 10729 | Orc:2    | Noticed an orc sorcerer
 10731 | Orc:2    | Paralysed by an orc sorcerer for 3 turns
 10739 | Orc:2    | Killed an orc sorcerer
 10739 | Orc:2    | Reached skill level 5 in Polearms
 10818 | Orc:2    | HP: 3/84 [orc/enchanted flail (2)]
 10820 | Orc:2    | Slain by an orc warrior

Skill      XL: |  1  2  3  4  5  6  7  8  9 10 11 |
---------------+----------------------------------+-----
Axes           | 3 4 7 9 |  9.0
Dodging        | 3 4 |  4.3
Stealth        | 1 2 3 4 5 |  5.8
Armour         | 1 2 3 4 5 6 7 |  7.8
Staves         | 1 3 4 6 |  6.3
Fighting       | 3 4 5 6 7 |  7.3
Evocations     | 2 |  2.0
Polearms       | 1 5 |  5.1
Throwing       | |  1.7

Action                   |  1- 3 |  4- 6 |  7- 9 | 10-12 || total
-------------------------+-------+-------+-------+-------++-------
Melee: War axe           |   103 |     1 |       |       ||   104
       Headbutt          |    12 |    19 |    79 |    97 ||   207
       Quarterstaff      |       |   133 |   129 |       ||   262
       Battleaxe         |       |       |   118 |    88 ||   206
       Kick              |       |       |       |   136 ||   136
       Halberd           |       |       |       |   194 ||   194
Evoke: Wand              |       |       |     4 |     7 ||    11
  Use: Scroll            |     1 |     8 |     5 |     7 ||    21
       Potion            |       |     1 |       |     4 ||     5
 Stab: Sleeping          |     2 |    13 |    16 |     2 ||    33
       Distracted        |       |       |     1 |       ||     1
  Eat: Bread ration      |     1 |       |     1 |     1 ||     3
       Meat ration       |       |     1 |       |       ||     1
       Chunk             |       |       |     4 |       ||     4
       Fruit             |       |       |       |     3 ||     3
Armor: Leather armour    |     2 |       |       |       ||     2
       Ring mail         |    42 |    51 |     3 |       ||    96
       Chain mail        |       |       |    83 |    42 ||   125
       Scale mail        |       |       |     4 |       ||     4
       Plate armour      |       |       |       |   196 ||   196
Dodge: Dodged            |    58 |    90 |   177 |   311 ||   636
